 Dungeon Crawl Stone Soup version 0.19-a0-2242-gc784e87 (webtiles) character file.

22440 Idiomancer the Fighter (level 13, -25/89 HPs)
             Began as a Gargoyle Fighter on Mar 9, 2017.
             Was a High Priest of Makhleb.
             Annihilated by an orc warrior
             ... wielding a +0 dire flail
             ... led by an orc warlord
              (28 damage)
             ... on level 2 of the Orcish Mines.
             The game lasted 00:35:00 (11710 turns).

Idiomancer the Fighter (Gargoyle Fighter)          Turns: 11710, Time: 00:35:01

Health: -25/89     AC: 33 (42%)Str: 22  XL:     13   Next: 0%
Magic:  0/19       EV:  9    Int:  8    God:    Makhleb [*****.]
Gold:   1159       SH: 13    Dex: 17    Spells: 12/12 levels left

rFire    . . .     SeeInvis .   n - +0 flail (protect)
rCold    . . .     Faith    .   s - +2 scale mail "Caymolul" {Dex+4}
rNeg     + + .     Spirit   +   c - +0 shield
rPois    ∞         Reflect  .   r - +0 helmet
rElec    +                      k - +2 cloak {rPois}
rCorr    .                      (no gloves)
MR       +....                  (no boots)
Stlth    ..........             q - amulet of guardian spirit
Regen    0.7/turn               w - ring of positive energy
MPRegen  0.3/turn               a - ring of protection from magic

@: no status effects
A: icy blue scales 1, rugged brown scales 1, negative energy resistance 1,
regeneration 1, electricity resistance, unbreathing, petrification resistance,
rot immunity, AC +9
a: Minor Destruction, Lesser Servant of Makhleb, Major Destruction, Greater
Servant of Makhleb, Renounce Religion


You were on level 2 of the Orcish Mines.
You worshipped Makhleb.
Makhleb was extremely pleased with you.
You were not hungry.

You visited 3 branches of the dungeon, and saw 16 of its levels.
You also visited: Sewer.

You collected 1159 gold pieces.

Inventory:

Hand Weapons
 n - a +0 flail of protection (weapon)
 I - a +2 dire flail of holy wrath
Armour
 c - a +0 shield (worn)
 k - a +2 cloak of poison resistance (worn)
 r - a +0 helmet (worn)
 s - the +2 scale mail "Caymolul" (worn) {Dex+4}
   (You found it on level 5 of the Dungeon)

   It affects your dexterity (+4).
 A - a +0 plate armour
Jewellery
 a - a ring of protection from magic (left hand)
 q - an amulet of guardian spirit (around neck)
 u - an uncursed ring of protection from magic
 w - a ring of positive energy (right hand)
 B - an uncursed ring of see invisible
Wands
 b - a wand of enslavement (7)
 m - a wand of confusion (13)
Scrolls
 d - 2 scrolls of holy word
 e - 4 scrolls of blinking
 g - 6 scrolls of teleportation
 j - 3 scrolls of recharging
 o - a scroll of amnesia
 t - 2 scrolls of enchant armour
 v - 2 scrolls of fog
 y - 2 scrolls of magic mapping
 C - a scroll of brand weapon
 E - a scroll of fear
 F - a scroll of enchant weapon
Potions
 f - 2 potions of lignification
 h - 3 potions of resistance
 i - a potion of magic
 l - 5 potions of might
 p - 7 potions of curing
 x - a potion of heal wounds
 z - a potion of agility
 D - 2 potions of flight
 G - a potion of invisibility
 H - 3 potions of brilliance


   Skills:
 - Level 12.4 Fighting
 - Level 10.1 Maces & Flails
 - Level 10.6 Armour
 - Level 10.6 Shields
 + Level 9.1 Invocations


You had 12 spell levels left.
You didn't know any spells.

Dungeon Overview and Level Annotations

Branches:
Dungeon (13/15)            Temple (1/1) D:5             Orc (2/2) D:8
   Lair: D:-1         Swamp: D:13-14     Shoals: D:13-14      Snake: D:13-14
 Spider: D:13-14      Crypt: Vaults:-1     Tomb: Vaults:-1

Altars:
Cheibriados
Dithmenos
Elyvilon
Gozag
Hepliaklqana
Kikubaaqudgha
Makhleb
Nemelex Xobeh
Okawaru
Qazlal
Ru
Sif Muna
Trog
Uskayaw
Vehumet
Xom
Yredelemnul
Zin
The Shining One

Shops:
Orc:1 ?


Innate Abilities, Weirdness & Mutations

You are resistant to torment.
Your stone body is resilient. (AC +9)
You are immune to poison.
You resist negative energy. (rN+)
You are resistant to electric shocks. (rElec)
You can survive without breathing.
You are immune to petrification.
You are immune to rotting.
You are partially covered in icy blue scales. (AC +2)
You are partially covered in rugged brown scales. (AC +1, +3% HP)
Your natural rate of healing is unusually fast.


Message History

The orc priest hits you but does no damage.
The orc warrior hits you but does no damage.
You block the orc's attack.
The orc warrior hits you with a +0 dire flail (7)!
* * * LOW HITPOINT WARNING * * *
The orc priest no longer looks unusually strong.
The orc warlord roars a battlecry!
The orc priest goes into a battle-frenzy!
You block the orc warrior's attack. You block the orc priest's attack.
The orc warrior hits you with a -3 war axe (7)!
You stop ascending the stairs.
* * * LOW HITPOINT WARNING * * *
The orc hits you but does no damage.
The orc warrior hits you but does no damage.
The orc warrior no longer looks unusually strong.
The orc warlord roars a battlecry!
The orc warrior goes into a battle-frenzy!
The orc warrior hits you with a +0 dire flail (29)!!
You stop ascending the stairs.
You die...

.......
####.......
##.$........
#.......<...
#.........#
#......#.#..
##........$
##.#..o#o.#..
#....$o@# #
##....oooo...<.
###.#.oo......
##...#......
##.###.##.. ###
#. . .. #.


You could see an orc warlord, 4 orc warriors, 2 orc priests and 2 orcs.

Vanquished Creatures
  Erolcha (Orc:1)
  2 hydras
  4 two-headed ogres
  An ugly thing (D:11)
  4 orc sorcerers
  2 cyclopes
  A manticore (D:11)
  A black mamba (D:12)
  4 gargoyles
  Joseph (D:10)
  4 spiny frogs
  2 tengu conjurers (D:12)
  4 trolls
  3 meliai (D:12)
  3 blink frogs (D:12)
  A hornet zombie (D:12)
  A meliai zombie (D:10)
  5 wyverns
  A shadow (D:10)
  5 yaks (D:8)
  Grum (D:11)
  Menkaure (D:7)
  A warg (Orc:1)
  A spiny frog zombie (D:8)
  2 water moccasins
  Purgy (Sewer)
  12 orc warriors
  3 black bears
  2 ice beasts (D:8)
  8 ogres
  4 wolves (D:11)
  A centaur (D:6)
  A bullfrog (D:7)
  A wyvern zombie (D:7)
  A gnoll sergeant (D:7)
  A water moccasin zombie (D:6)
  2 wyvern skeletons
  21 killer bees
  A crimson imp (D:6)
  17 wights
  A howler monkey (D:5)
  3 centaur zombies
  A wasp zombie (D:6)
  A quasit (D:4)
  A bullfrog zombie (D:6)
  4 orc priests
  5 centaur skeletons
  4 hounds
  3 jellies
  A gnoll shaman (D:4)
  A worker ant (D:4)
  10 orc wizards
  Natasha (thrice) (D:2)
  3 killer bee zombies
  5 iguanas
  A hound zombie (D:6)
  3 hound skeletons
  A howler monkey zombie (D:6)
  9 gnolls
  2 howler monkey skeletons (D:4)
  7 adders
  3 shadow imps
  2 dart slugs
  38 orcs
  6 quokkas
  2 ball pythons
  10 giant cockroaches
  10 goblins
  4 hobgoblins
  3 jackals (D:3)
  A ball python skeleton (D:5)
  18 bats
  6 frilled lizards
  4 kobolds
  A quokka skeleton (D:4)
  7 rats
316 creatures vanquished.

Vanquished Creatures (others)
  An orc wizard (Orc:1)
  3 orcs
  A bush (D:10)
5 creatures vanquished.

Grand Total: 321 creatures vanquished

Notes
Turn   | Place    | Note
-------+----------+-------------------------------------------
     0 | D:1      | Idiomancer the Gargoyle Fighter began the quest for the Orb.
     0 | D:1      | Reached XP level 1. HP: 14/14 MP: 1/1
   189 | D:1      | Reached XP level 2. HP: 19/19 MP: 2/2
   874 | D:2      | Reached skill level 4 in Fighting
   874 | D:2      | Reached XP level 3. HP: 16/24 MP: 3/3
  1134 | D:2      | Reached XP level 4. HP: 29/29 MP: 4/4
  1311 | D:2      | Noticed Natasha
  1319 | D:2      | Killed Natasha
  1504 | D:2      | Noticed Natasha
  1513 | D:2      | Killed Natasha
  1513 | D:2      | Reached XP level 5. HP: 30/34 MP: 5/5
  1606 | D:2      | Noticed Natasha
  1626 | D:2      | Killed Natasha
  1626 | D:2      | Reached skill level 5 in Fighting
  1983 | D:3      | Found an iron altar of Okawaru.
  1990 | D:3      | Found an ancient bone altar of Kikubaaqudgha.
  1993 | D:3      | Found a hazy altar of Hepliaklqana.
  2210 | D:3      | Found an opulent altar of Gozag.
  2362 | D:3      | Found a sacrificial altar of Ru.
  2572 | D:3      | Found a faded altar of an unknown god.
  2906 | D:4      | Reached XP level 6. HP: 39/40 MP: 6/6
  2962 | D:4      | Reached skill level 6 in Fighting
  2973 | D:4      | Gained mutation: You are weak. (Str -2) [potion of mutation]
  2973 | D:4      | Gained mutation: You are agile. (Dex +2) [potion of mutation]
  2973 | D:4      | Gained mutation: You are partially covered in icy blue scales. (AC +2) [potion of mutation]
  2974 | D:4      | Lost mutation: You are weak. (Str -2) [potion of mutation]
  2974 | D:4      | Lost mutation: You are agile. (Dex +2) [potion of mutation]
  2974 | D:4      | Gained mutation: Your natural rate of healing is unusually fast. [potion of mutation]
  2974 | D:4      | Gained mutation: You are partially covered in rugged brown scales. (AC +1, +3% HP) [potion of mutation]
  3287 | D:4      | Reached skill level 5 in Maces & Flails
  3443 | D:5      | Entered Level 5 of the Dungeon
  3450 | D:5      | Got the +2 scale mail "Caymolul" {Dex+4}
  3473 | D:5      | Reached XP level 7. HP: 48/48 MP: 7/7
  3685 | D:5      | Found a staircase to the Ecumenical Temple.
  3703 | Temple   | Entered the Ecumenical Temple
  3867 | Temple   | Became a worshipper of Makhleb the Destroyer
  3902 | D:5      | Found a glowing drain.
  3939 | Sewer    | Entered a sewer
  3985 | Sewer    | Noticed Purgy
  4013 | Sewer    | Killed Purgy
  4013 | Sewer    | Reached skill level 7 in Fighting
  4527 | D:6      | Reached XP level 8. HP: 54/54 MP: 8/8
  4677 | D:6      | Reached * piety under Makhleb
  4908 | D:7      | Found a sparkling altar of Nemelex Xobeh.
  5071 | D:7      | Reached skill level 5 in Armour
  5071 | D:7      | Reached skill level 5 in Shields
  5071 | D:7      | Reached XP level 9. HP: 58/58 MP: 9/9
  5258 | D:7      | Noticed Menkaure
  5266 | D:7      | Killed Menkaure
  5574 | D:8      | Found a staircase to the Orcish Mines.
  5849 | D:8      | Reached ** piety under Makhleb
  5976 | D:8      | Reached XP level 10. HP: 63/64 MP: 7/10
  6318 | Orc:1    | Entered Level 1 of the Orcish Mines
  6321 | Orc:1    | Noticed an orc sorcerer
  6325 | Orc:1    | Noticed a sun demon
  6327 | Orc:1    | Noticed Erolcha
  6742 | D:9      | Noticed a two-headed ogre
  6749 | D:9      | Noticed a dagger
  6751 | D:9      | Noticed a hand axe
  6767 | D:9      | Killed a two-headed ogre
  6778 | D:9      | Found a hide-covered altar of Uskayaw.
  6782 | D:9      | Noticed a spiny frog
  6797 | D:9      | Killed a spiny frog
  7530 | D:10     | Entered Level 10 of the Dungeon
  7562 | D:10     | Found a white marble altar of Elyvilon.
  7574 | D:10     | Noticed a two-headed ogre
  7585 | D:10     | Killed a two-headed ogre
  7585 | D:10     | Reached skill level 8 in Fighting
  7585 | D:10     | Reached skill level 10 in Armour
  7585 | D:10     | Reached skill level 10 in Shields
  7601 | D:10     | Noticed a two-headed ogre
  7609 | D:10     | Killed a two-headed ogre
  7609 | D:10     | Reached XP level 11. HP: 71/71 MP: 11/11
  7780 | D:10     | Reached *** piety under Makhleb
  7794 | D:10     | Reached skill level 9 in Fighting
  7994 | D:10     | Noticed Joseph
  8032 | D:10     | Killed Joseph
  8256 | D:10     | Found a sacrificial altar of Ru.
  8515 | D:11     | Noticed a cyclops
  8519 | D:11     | Noticed an eight-headed hydra
  8523 | D:11     | Killed a cyclops
  8551 | D:11     | Killed an eight-headed hydra
  8551 | D:11     | Reached skill level 10 in Fighting
  8675 | D:11     | Noticed Grum
  8696 | D:11     | Noticed a two-headed ogre
  8703 | D:11     | Killed Grum
  8744 | D:11     | Killed a two-headed ogre
  8791 | D:11     | Noticed a manticore
  8807 | D:11     | Reached skill level 11 in Fighting
  8822 | D:11     | Killed a manticore
  8875 | D:11     | Noticed an orc sorcerer
  8899 | D:11     | Killed an orc sorcerer
  8912 | D:11     | Reached XP level 12. HP: 52/82 MP: 6/12
  9331 | D:11     | Reached **** piety under Makhleb
  9365 | D:11     | Reached skill level 12 in Fighting
  9365 | D:11     | Reached skill level 10 in Maces & Flails
  9813 | D:12     | Reached skill level 1 in Invocations
  9882 | D:12     | Noticed a seven-headed hydra
  9898 | D:12     | Killed a seven-headed hydra
 10118 | D:12     | Reached skill level 5 in Invocations
 11015 | Orc:1    | Killed Erolcha
 11172 | Orc:1    | Reached ***** piety under Makhleb
 11280 | Orc:1    | Found Teyl's Magic Scroll Emporium.
 11540 | Orc:2    | Entered Level 2 of the Orcish Mines
 11546 | Orc:2    | Paralysed by an orc sorcerer for 5 turns
 11553 | Orc:2    | Noticed an orc warlord
 11703 | Orc:2    | Reached XP level 13. HP: 34/89 MP: 6/19
 11709 | Orc:2    | HP: 2/89 [orc warrior/-3 war axe[an orc warlord] (6)]
 11710 | Orc:2    | Annihilated by an orc warrior

Vault maps used:
D:1:      lemuel_arrival_broad_hall, minmay_surrounded
D:2:      uniq_natasha
D:3:      nicolae_ru_great_annihilating_truth, minitemple, ecumenical_altar_1,
          grunt_gozag_breadcrumbs
D:4:      grunt_ministairs_13
D:5:      minmay_temple_entry_glassed_door, gup_sewer_entry_glass,
          hangedman_decor_points, minmay_misc_feat_roman
D:6:      serial_undead, serial_undead_e, serial_undead_e, serial_undead_a,
          serial_undead_c
D:7:      nemelex_altar_shiori, uniq_menkaure
D:8:      orc_0_dummy, kennysheep_generic_room_15
D:9:      dancing_weapons_uskayaw, kennysheep_generic_room_11
D:10:     basic_altar, elyvilon_altar_5, uniq_joseph
D:11:     uniq_grum
D:13:     uniq_kirke
Temple:   chequers_temple_sunken
Orc:1:    serial_shops, shop_fountains, mines_bat_river, uniq_erolcha
Orc:2:    st_orc_elflike
Sewer:    sewer_big_baddie

Skill      XL: |  1  2  3  4  5  6  7  8  9 10 11 12 |
---------------+-------------------------------------+-----
Fighting       | 4 5 6 7 8 11 12 | 12.4
Maces & Flails | 3 4 5 6 8 9 10 | 10.1
Armour         | 5 8 10 | 10.6
Shields        | 5 8 10 | 10.6
Invocations    | 9 |  9.1

Action                   |  1- 3 |  4- 6 |  7- 9 | 10-12 | 13-15 || total
-------------------------+-------+-------+-------+-------+-------++-------
Melee: Flail             |   139 |   241 |   490 |  1106 |     5 ||  1981
Invok: Major Destruction |       |       |       |     4 |       ||     4
       Minor Destruction |       |       |       |     1 |       ||     1
  Use: Potion            |       |     4 |       |     2 |       ||     6
       Scroll            |       |       |     1 |       |       ||     1
 Stab: Invisible         |       |     1 |       |       |       ||     1
Armor: Scale mail        |    78 |   224 |   515 |   817 |    13 ||  1647
       Skin              |       |       |       |    17 |       ||    17
Dodge: Dodged            |    48 |   107 |   277 |   458 |     4 ||   894
Block: Shield            |    72 |   142 |   433 |   960 |    15 ||  1622
